 Dungeon Crawl Stone Soup version 0.29-a0-885-gb26ba3297d (webtiles) character file.

Game seed: 11022981157923767173

31 porpoise the Magician (level 3, 0/28 HPs)
             Began as a Djinni Hedge Wizard on July 21, 2022.
             Slain by Natasha (5 damage)
             ... on level 3 of the Dungeon.
             The game lasted 00:04:23 (2258 turns).

porpoise the Magician (Djinni Hedge Wizard)         Turns: 2258, Time: 00:04:26

Health: 0/28       AC:  2    Str:  9    XL:     3   Next: 40%
Gold:   133        EV: 12    Int: 17    God:
                   SH:  5    Dex: 12

rFire   + + .      SeeInvis .   a - +0 dagger
rCold   x . .      Faith    .   (no shield)
rNeg    . . .      Spirit   .   b - +0 robe
rPois   ∞          Reflect  +   c - +0 hat
rElec   .          Harm     .   (no cloak)
rCorr   .          Rampage  .   (no gloves)
Will    .....                   (boots unavailable)
Stlth   ++........              h - amulet of reflection
HPRegen 0.09/turn               (no ring)
MPRegen 0.00/turn               (no ring)

@: flying, slowed, very slow
A: sickness immunity, fire resistance 2, cold vulnerability 1, float, innate
caster, HP casting, extra vitality 1
a: no special abilities


You were on level 3 of the Dungeon.
You visited 1 branch of the dungeon, and saw 3 of its levels.

You collected 133 gold pieces.

Inventory:

Hand Weapons
 a - a +0 dagger (weapon)
Missiles
 r - 5 javelins
Armour
 b - a +0 robe (worn)
 c - a +0 hat (worn)
Jewellery
 h - an amulet of reflection (around neck)
Scrolls
 d - a scroll of blinking {unknown}
 g - 3 scrolls of identify {unknown}
 i - a scroll of amnesia {unknown}
 k - a scroll of summoning {unknown}
 m - a scroll of magic mapping {unknown}
 n - a scroll of noise {unknown}
 o - a scroll of immolation {unknown}
 q - a scroll of vulnerability {unknown}
Potions
 e - 3 potions of degeneration {unknown}
 f - a potion of mutation {unknown}
 j - a potion of might {unknown}
 l - a potion of resistance {unknown}
 p - a potion of curing {unknown}


   Skills:
 + Level 1.8 Fighting
 - Level 2.1 Dodging
 - Level 1.5 Stealth
 + Level 2.9 Spellcasting


You couldn't memorise any spells.
You knew the following spells:

 Your Spells              Type           Power      Damage    Failure   Level
a - Magic Dart            Conj           48%        1d5       5%          1
b - Blink                 Tloc           24%        N/A       8%          2
c - Call Imp              Summ           12%        N/A       8%          2
d - Slow                  Hex            48%        N/A       5%          1
e - Conjure Flame         Conj/Fire      12%        6-21      16%         3
f - Mephitic Cloud        Conj/Pois/Air  12%        N/A       16%         3
g - Freeze                Ice            48%        1d7       5%          1
Your spell library was empty.

Dungeon Overview and Level Annotations

Branches:
Dungeon (3/15)

Altars:
Gozag

Shops:
D:2 (

Annotations:
D:3 Natasha


Innate Abilities, Weirdness & Mutations

You are immune to sickness and miasma.
You are immune to poison.
Your flesh is very heat resistant. (rF++)
You are vulnerable to cold. (rC-)
You float through the air rather than walking.
You learn spells naturally, not from books.
Your magical power is your life essence.
You have superior vitality. (+4 MHP)


Message History

Aim: Natasha (moderately wounded, 100% to hit)
Okay, then.
Unknown command.
Casting: Magic Dart (safe; 5% risk of failure)
Confirm with . or Enter, or press ? or * to list all spells.
The spell is quite dangerous to miscast (16% risk of failure)!
Continue anyway?
Aiming: Mephitic Cloud (quite dangerous; 16% risk of failure)
Press: ? - help, Shift-Dir - straight line, f/p - Natasha
Aim: Natasha (moderately wounded, chance to affect: 86%)
The ball explodes into a vile cloud!
The stinking cloud engulfs the crimson imp but does no damage.
The stinking cloud engulfs Natasha but does no damage.
Natasha is moderately wounded.
The stinking cloud engulfs the hobgoblin but does no damage.
The hobgoblin is engulfed in noxious fumes.
The hobgoblin appears confused.
You hit Natasha.
Natasha is heavily wounded.
Natasha claws you. The crimson imp barely misses you.
You hit Natasha but do no damage.
Natasha is heavily wounded.
Natasha casts a spell.
The crimson imp hits you.
You hit Natasha.
Natasha is severely wounded.
Natasha stares at you and mumbles some strange words.
You feel yourself slow down. The crimson imp closely misses you.
Your magical contamination has completely faded away.
You miss Natasha.
Natasha is severely wounded.
Natasha claws you.
* * * LOW HITPOINT WARNING * * *
The crimson imp barely misses you. The iron imp barely misses you.
You miss Natasha.
Natasha is severely wounded.
Natasha mewls in sadness.
Natasha claws you.
* * * LOW HITPOINT WARNING * * *
The crimson imp barely misses you. Natasha claws you.
You die...

######
#####+#..))..
#............
#............
#............
#............
#....55..g...
#....@h......
#####+#......
..... ####


You could see an iron imp (summoned), Natasha, a crimson imp (summoned) and a
hobgoblin (confused).

Vanquished Creatures
  2 dart slugs (D:1)
  A ball python (D:1)
  A bat (D:1)
  2 goblins
  4 hobgoblins
  2 kobolds (D:2)
  A quokka (D:2)
  3 rats
16 creatures vanquished.

Vanquished Creatures (collateral kills)
  An adder (D:2)
1 creature vanquished.

Grand Total: 17 creatures vanquished

Notes
Turn   | Place    | Note
-------+----------+-------------------------------------------
     0 | D:1      | porpoise the Djinni Hedge Wizard began the quest for the
                  | Orb.
     0 | D:1      | porpoise set off with the following spells memorised: Magic
                  | Dart, Blink, Call Imp, Slow, Conjure Flame, Mephitic Cloud.
     0 | D:1      | Reached XP level 1. HP: 15/15 MP: 0/0
   236 | D:1      | Reached XP level 2. HP: 16/22 MP: 0/0
   430 | D:1      | Reached skill level 1 in Fighting
   815 | D:1      | Found a faded altar of an unknown god.
  1562 | D:2      | Reached XP level 3. HP: 26/28 MP: 0/0
  1562 | D:2      | Learned a level 1 spell: Freeze
  1635 | D:2      | Found Avvamon's Antique Weapon Emporium.
  1755 | D:2      | Found an opulent altar of Gozag.
  2247 | D:3      | Noticed Natasha
  2258 | D:3      | Slain by Natasha

Illustrated notes

Levels and vault maps discovered:
D:1:      saegor_arrival_under_anarchy, layout_basic,
          dreamdust_ecumenical_altar_angels_and_demons, nicolae_titane
D:2:      layout_loops_ring, serial_shops, shop, basic_altar
D:3:      layout_basic, mainiacjoe_overflow_concentric_impassable, uniq_robin,
          uniq_natasha

Skill      XL: |  1  2 |
---------------+-------+-----
Fighting       | 1 |  1.8
Dodging        | |  2.1
Stealth        | |  1.5
Spellcasting   | |  2.9

Action                   || total
-------------------------++-------
Melee: Dagger            ||     5
 Cast: Magic Dart        ||    49
       Call Imp          ||     1
       Mephitic Cloud    ||     1
Armor: Robe              ||     1
Dodge: Dodged            ||     9

Table legend: (Time is in decaauts)
 A = Elapsed time spent in this place.
 B = Non-inter-level travel time spent in this place.
 C = Inter-level travel time spent in this place.
 D = Time resting spent in this place.
 E = Time spent auto-exploring this place.
 F = Levels seen in this place.
 G = Mean time per level.
                   A        B        C        D        E       F      G
               +--------+--------+--------+--------+--------+-----+--------+
         Total |   2258 |   2223 |     35 |    622 |   1447 |   3 |  752.7 |
       Dungeon |   2258 |   2223 |     35 |    622 |   1447 |   3 |  752.7 |
               +--------+--------+--------+--------+--------+-----+--------+

Top non-repeatable levels by time:
     D:1: 1306 daAuts
     D:2: 940 daAuts
     D:3: 11 daAuts
